 Dungeon Crawl Stone Soup version 0.27.1-2-g3b301248ec (webtiles) character file.

Game seed: 1759898638576067572

107 Kinoniko the Slasher (level 4, -1/52 HPs)
             Began as a Demonspawn Berserker on Sept 30, 2021.
             Was a Believer of Trog.
             Succumbed to a killer bee's poison
             ... on level 4 of the Dungeon.
             The game lasted 00:02:35 (2847 turns).

Kinoniko the Slasher (Demonspawn Berserker)         Turns: 2847, Time: 00:02:35

Health: -1/52      AC: 10    Str: 19    XL:     4   Next: 57%
Magic:  0/4        EV:  7    Int:  8    God:    Trog [**....]
Gold:   123        SH:  0    Dex: 12    Spells: 3/3 levels left

rFire    . . .     SeeInvis .   a - +1 falchion
rCold    . . .     Faith    .   (no shield)
rNeg     . . .     Spirit   +   q - +0 chain mail
rPois    .         Reflect  .   (no helmet)
rElec    .         Harm     .   (no cloak)
rCorr    .         Rampage  .   m - +0 pair of gloves
Will     .....                  (no boots)
Stlth    ..........             d - amulet of guardian spirit
HPRegen  0.17/turn              (no ring)
MPRegen  0.09/turn              (no ring)

@: berserking, lethally poisoned (-1 -> -21), very quick
A: demonic guardian 1, powered by death 1, sharp scales 1
a: Renounce Religion, Berserk, Trog's Hand


You were on level 4 of the Dungeon.
You worshipped Trog.
Trog was pleased with you.
You visited 1 branch of the dungeon, and saw 4 of its levels.

You collected 123 gold pieces.

Inventory:

Hand Weapons
 a - a +1 falchion (weapon)
Missiles
 u - 2 throwing nets (quivered)
Armour
 b - a +0 animal skin
 e - a +0 ring mail
 m - a +0 pair of gloves (worn)
 q - a +0 chain mail (worn)
Jewellery
 d - an amulet of guardian spirit (around neck)
 i - a ring of ice
Scrolls
 f - a scroll of teleportation
 k - 2 scrolls of enchant weapon
Potions
 c - 2 potions of lignification {unknown}
 g - 2 potions of degeneration {unknown}
 l - 3 potions of might {unknown}
 o - a potion of ambrosia {unknown}
 p - a potion of flight {unknown}
 s - a potion of cancellation {unknown}


   Skills:
 - Level 3.0 Fighting
 * Level 4.9 Long Blades
 - Level 1.7 Armour
 - Level 1.7 Dodging


You had 3 spell levels left.
You didn't know any spells.
Your spell library was empty.

Dungeon Overview and Level Annotations

Branches:
Dungeon (4/15)
 Temple: D:4-7

Altars:
Dithmenos
Trog


Innate Abilities, Weirdness & Mutations

A weak demonic guardian rushes to your aid.
You regenerate a little health from kills.
You are partially covered in razor-sharp scales. (AC +1, Slay +1)


Message History

Unknown command.
You are too injured to fight recklessly!
Unknown command.
You are too injured to fight recklessly!
You are too injured to fight recklessly!
Unknown command.
You slash the killer bee!
You kill the killer bee!
Trog accepts your kill.
You feel sick. The killer bee stings you. The killer bee misses you.
You riposte.
You closely miss the killer bee.
The killer bee is moderately wounded.
The killer bee stings you.
The killer bee stings you but does no damage. x2
The killer bee stings you.
* * * LOW HITPOINT WARNING * * *
The killer bee stings you but does no damage. x2
You have reached level 4!
You feel stronger.
Your demonic ancestry asserts itself...
You feel the presence of a demonic guardian.
Unknown command.
You slash the killer bee!
The killer bee is heavily wounded.
* * * LOW HITPOINT WARNING * * *
You feel sick. The killer bee stings you.
* * * LOW HITPOINT WARNING * * *
You are lethally poisoned!
The killer bee poisons you! The killer bee stings you.
* * * LOW HITPOINT WARNING * * *
A demonic guardian appears!
The killer bee stings you but does no damage.
The killer bee stings you.
* * * LOW HITPOINT WARNING * * *
The killer bee stings you.
* * * LOW HITPOINT WARNING * * *
The killer bee stings you.
* * * LOW HITPOINT WARNING * * *
You barely miss the killer bee.
The killer bee is heavily wounded.
You die...

#.###.####.......#
#........+.......##
###.#.##......... .
#......#.......# .#
#.#....#.......# ...
#.#.##.#.......#....
# #.....)....5..K.
####.##..yyy.#.
..........@y.#
≈≈≈≈≈≈.....y.#
§§.....≈........#
≈≈.≈≈§§≈........#
.≈.§_§§§..#######
§§.§.§.§§.#
..§≈.≈§.. ≈≈§.§.#
§.§§§


You could see 5 killer bees, a kobold and a friendly ufetubus (summoned).

Vanquished Creatures
  A killer bee (D:4)
  A worm (D:2)
  3 orcs
  3 ball pythons
  9 bats
  8 endoplasms
  A giant cockroach (D:3)
  4 goblins
  5 hobgoblins
  2 jackals (D:1)
  4 kobolds
  A quokka (D:1)
  4 frilled lizards
  5 rats
51 creatures vanquished.

Notes
Turn   | Place    | Note
-------+----------+-------------------------------------------
     0 | D:1      | Kinoniko the Demonspawn Berserker began the quest for the
                  | Orb.
     0 | D:1      | Reached XP level 1. HP: 18/18 MP: 1/1
    94 | D:1      | Reached skill level 3 in Long Blades
   225 | D:1      | Found a faded altar of an unknown god.
   446 | D:1      | Gained mutation: You regenerate a little health from kills.
                  | [demonic ancestry]
   446 | D:1      | Reached XP level 2. HP: 15/24 MP: 2/2
  1160 | D:2      | Gained mutation: You are partially covered in razor-sharp
                  | scales. (AC +1, Slay +1) [demonic ancestry]
  1160 | D:2      | Reached XP level 3. HP: 25/29 MP: 3/3
  1358 | D:2      | Reached skill level 4 in Long Blades
  1858 | D:3      | Reached ** piety under Trog
  1966 | D:3      | Found a shadowy altar of Dithmenos.
  2829 | D:4      | Found a bloodstained altar of Trog.
  2837 | D:4      | Noticed a killer bee
  2837 | D:4      | Noticed a killer bee
  2838 | D:4      | Noticed a killer bee
  2838 | D:4      | Noticed a killer bee
  2838 | D:4      | Noticed a killer bee
  2839 | D:4      | Noticed a killer bee
  2845 | D:4      | Killed a killer bee
  2846 | D:4      | Gained mutation: A weak demonic guardian rushes to your
                  | aid. [demonic ancestry]
  2846 | D:4      | Reached XP level 4. HP: 14/35 MP: 0/4
  2846 | D:4      | HP: 2/52 [killer bee (1)]
  2847 | D:4      | Succumbed to a killer bee's poison

Illustrated notes

Levels and vault maps discovered:
D:1:      beargit_arrival_diablo_church, layout_basic, basic_ecumenical_altar
D:2:      layout_basic
D:3:      layout_loops_ring, mainiacjoe_overflow_catwalk,
          minmay_increasing_density
D:4:      layout_basic, nicolae_kikubaaqudgha_miasma_corner, old_standard_altar,
          mainiacjoe_overflow_catwalk_spiral

Skill      XL: |  1  2  3 |
---------------+----------+-----
Long Blades    | 3 4 |  4.9
Fighting       | |  3.0
Armour         | |  1.7
Dodging        | |  1.7

Action                   |  1- 3 |  4- 6 || total
-------------------------+-------+-------++-------
Melee: Falchion          |   155 |     2 ||   157
Invok: Berserk           |     2 |       ||     2
  Use: Scroll            |     7 |       ||     7
Armor: Ring mail         |    40 |       ||    40
       Animal skin       |     7 |       ||     7
       Chain mail        |    23 |     1 ||    24
Dodge: Dodged            |    97 |       ||    97
       Rpst.: Falchion   |    27 |       ||    27
